 Dungeon Crawl Stone Soup version 0.31-a0-177-g4aa6249778 (webtiles) character file.

Game seed: 16564473191140411212

1149 Hajna the Covert (level 8, -2/45 HPs)
             Began as a Kobold Enchanter on June 19, 2023.
             Was a Priest of Wu Jian.
             Slain by a gnoll
             ... wielding a +0 halberd
              (4 damage)
             ... on level 6 of the Dungeon.
             The game lasted 00:14:08 (5086 turns).

Hajna the Covert (Kobold Enchanter)                 Turns: 5086, Time: 00:14:09

Health: -2/45      AC:  3    Str:  6    XL:     8   Next: 65%
Magic:  13/13      EV: 16    Int: 16    God:    Wu Jian [***...]
Gold:   159        SH:  0    Dex: 17    Spells: 2/13 levels left

rFire   . . .        j - +0 dagger (venom)
rCold   . . .        (no shield)
rNeg    . . .        b - +1 robe
rPois   .            (no helmet)
rElec   .            z - scarf {harm}
rCorr   .            (no gloves)
SInv    +            (no boots)
Will    +....        (no amulet)
Stlth   ++++++       o - ring of see invisible
HPRegen 0.27/turn    i - ring of willpower
MPRegen 0.13/turn

%: harm (+30% outgoing, +20% incoming)
@: no status effects
A: small, no large weapons, nightstalker 3
a: Renounce Religion, Wall Jump, Serpent's Lash


You were on level 6 of the Dungeon.
You worshipped Wu Jian.
Wu Jian was most pleased with you.
You visited 1 branch of the dungeon, and saw 6 of its levels.

You collected 256 gold pieces.
You spent 97 gold pieces at shops.

Inventory:

Hand Weapons
 a - a +1 heavy dagger
 j - a +0 dagger of venom (weapon)
 r - a +0 dagger of holy wrath
Missiles
 f - a throwing net
Armour
 b - a +1 robe (worn)
 z - a scarf of harm (worn)
Magical Staves
 t - a staff of fire
Jewellery
 i - a ring of willpower (right hand)
 o - a ring of see invisible (left hand)
Wands
 m - a wand of charming (9)
 x - a wand of flame (16)
Scrolls
 d - 2 scrolls of immolation
 e - a scroll of identify
 h - a scroll of vulnerability
 k - a scroll of teleportation
 p - a scroll of fog {unknown}
 u - a scroll of enchant weapon {unknown}
 y - a scroll of fear {unknown}
Potions
 c - 3 potions of invisibility
 n - 2 potions of attraction {unknown}
 q - 2 potions of mutation {unknown}
 v - a potion of heal wounds {unknown}
 w - a potion of degeneration {unknown}
 A - a potion of cancellation {unknown}


   Skills:
 * Level 2.8 Fighting
 + Level 4.6 Short Blades
 + Level 4.0 Dodging
 + Level 10.3 Stealth
 + Level 3.4 Spellcasting
 + Level 4.0 Hexes
 + Level 2.0 Ice Magic


You had 2 spell levels left.
You knew the following spells:

 Your Spells              Type           Power      Damage    Failure   Level
a - Ensorcelled Hibernat  Hex/Ice        24%        N/A       8%          2
b - Confusing Touch       Hex            15%        N/A       10%         3
c - Tukima's Dance        Hex            15%        N/A       10%         3
d - Dazzling Flash        Conj/Hex       18%        N/A       24%         3

Your spell library contained the following spells:

 Spells                   Type           Power      Damage    Failure   Level
 Cigotuvi's Dreadful Rot  Necr/Pois/Air  4%         N/A       26%         2
 Sublimation of Blood     Necr           2%         N/A       26%         2
 Ignite Poison            Fire/Tmut/Pois 2%         N/A       47%         3
 Petrify                  Tmut/Erth      2%         N/A       87%         4
 Freezing Cloud           Conj/Ice/Air   2%         6-21      98%         5
 Irradiate                Conj/Tmut      1%         3d12      99%         5


Dungeon Overview and Level Annotations

Branches:
Dungeon (6/15)             Temple (0/1) D:4

Altars:
Dithmenos
Kikubaaqudgha
Ru
Wu Jian
Xom

Shops:
D:4 ?

Annotations:
D:4 2 runed translucent doors


Innate Abilities, Weirdness & Mutations

You are small and have problems with some larger weapons.
You are completely attuned to the shadows.


Message History

The gnoll closely misses you.
You hit the shadow imp but do no damage.
The shadow imp is moderately wounded.
It was a potion of ambrosia.
You are confused.
You feel invigorated. The shadow imp barely misses you.
The gnoll hits you from afar with a +0 halberd.
* * * LOW HITPOINT WARNING * * *
The shadow imp closely misses you.
The gnoll hits you from afar with a +0 halberd.
* * * LOW HITPOINT WARNING * * *
You barely miss the shadow imp.
The shadow imp is severely wounded.
The gnoll hits you from afar with a +0 halberd!
* * * LOW HITPOINT WARNING * * *
The shadow imp hits you.
* * * LOW HITPOINT WARNING * * *
You feel less invigorated.
You feel less confused.
You hit the shadow imp but do no damage.
The shadow imp is almost dead.
The shadow imp gestures at you. You resist with some effort.
The gnoll misses you.
You hit the shadow imp but do no damage.
You punch the shadow imp, but do no damage.
The shadow imp is almost dead.
The shadow imp hits you.
* * * LOW HITPOINT WARNING * * *
The gnoll barely misses you.
You hit the shadow imp.
You kill the shadow imp!
The Council accepts your kill.
You lunge at the gnoll.
You hit the gnoll.
The gnoll is poisoned.
You punch the gnoll, but do no damage.
The gnoll is moderately wounded.
The gnoll misses you.
You hit the gnoll.
The gnoll looks as sick as possible!
The gnoll is heavily wounded.
The gnoll hits you with a +0 halberd.
You die...

,,,**,,,,,,,,,,,,,,,,,,,****,,*,*
,,,,,,,**,,,,,,,,,,,,,,,**,,,,,,,
,,,,*****,,,,*******,,,,,**,,,,,,
,,,,,**,,,,,,** **,,,,,*#.,,#.
,,,,,,,,,,,...* #.....,8#..*#8
****,,,,**,...#* ##........#.##.
* **,,***,....* ##.........#....
* *,,* **....###..........###..
** *,** **.....@g....).....##...
,** *,****,.......##...).........
,,***,**,,,.......####g..........
,,,*,,,,,,,..?....#**#)........##
**,,,,,****........*#..........#,
**,,,,,**,,,,......,.....##......
**,,,,,,,,,,,,,,,,,.......##.....
*,,**,,*****,,,,,,,,#...#.*#####.
,,****,,* *,,,,,,,,,,,,,,,,*****


You could see a gnoll (extremely poisoned).

Vanquished Creatures
  A sky beast (D:5)
  An ogre (D:5)
  2 bullfrogs (D:4)
  2 scorpions
  2 howler monkeys
  3 jellies (D:4)
  5 hounds
  Ijyb (D:3)
  A sleepcap (D:4)
  An orc wizard (D:4)
  2 iguanas
  Robin (D:4)
  10 gnolls
  6 adders
  A shadow imp (D:6)
  An ufetubus (D:6)
  4 worms
  3 dart slugs (D:4)
  5 orcs (D:4)
  5 ball pythons
  10 endoplasms
  15 goblins
  11 hobgoblins
  6 quokkas
  3 bats
  4 frilled lizards
  5 kobolds
  6 rats
117 creatures vanquished.

Notes
Turn   | Place    | Note
-------+----------+-------------------------------------------
     0 | D:1      | Hajna the Kobold Enchanter began the quest for the Orb.
     0 | D:1      | Reached XP level 1. HP: 10/10 MP: 3/3
    27 | D:1      | Found a faded altar of an unknown god.
    35 | D:1      | Prayed at the altar of an unknown god.
    35 | D:1      | Became a worshipper of the Wu Jian Council
    35 | D:1      | Reached * piety under Wu Jian
    92 | D:1      | Reached XP level 2. HP: 15/15 MP: 5/5
    95 | D:1      | Learned a level 2 spell: Ensorcelled Hibernation
   457 | D:1      | Reached XP level 3. HP: 19/19 MP: 6/6
   957 | D:2      | Reached skill level 5 in Stealth
  1357 | D:2      | Reached ** piety under Wu Jian
  1671 | D:2      | Reached XP level 4. HP: 24/24 MP: 7/7
  1766 | D:3      | Noticed Ijyb
  1797 | D:3      | Killed Ijyb
  1858 | D:3      | Found an ancient bone altar of Kikubaaqudgha.
  2257 | D:3      | Reached XP level 5. HP: 28/28 MP: 8/8
  2267 | D:3      | Found a sacrificial altar of Ru.
  2303 | D:3      | Found a shadowy altar of Dithmenos.
  2451 | D:3      | Reached skill level 6 in Stealth
  2880 | D:4      | Noticed Robin
  2898 | D:4      | Killed Robin
  3003 | D:4      | Reached skill level 1 in Ice Magic
  3003 | D:4      | Reached XP level 6. HP: 32/32 MP: 10/10
  3007 | D:4      | Found Uvizih's Magic Scroll Emporium.
  3010 | D:4      | Bought a scroll of enchant armour for 97 gold pieces
  3120 | D:4      | Found a large runed translucent door.
  3120 | D:4      | Found a large runed translucent door.
  3138 | D:4      | Reached skill level 7 in Stealth
  3141 | D:4      | Identified the +0 plate armour of Trumpets {Contam rF+ rC+
                  | Will+ Dex+5}
  3176 | D:4      | Found a large runed translucent door.
  3182 | D:4      | Found a large runed translucent door.
  3214 | D:4      | Reached XP level 7. HP: 34/37 MP: 11/11
  3225 | D:4      | Reached skill level 8 in Stealth
  3355 | D:4      | Identified the +5 plate armour of the Blind Marksman {SInv}
  3405 | D:4      | Found a staircase to the Ecumenical Temple.
  3449 | D:4      | Reached *** piety under Wu Jian
  3689 | D:4      | Reached skill level 1 in Fighting
  3689 | D:4      | Reached skill level 9 in Stealth
  3862 | D:5      | Entered Level 5 of the Dungeon
  3890 | D:5      | Reached XP level 8. HP: 38/43 MP: 9/12
  4116 | D:5      | HP: 2/43 [gnoll/+0 spear (3)]
  4517 | D:5      | Learned a level 3 spell: Confusing Touch
  4521 | D:5      | Learned a level 3 spell: Tukima's Dance
  4525 | D:5      | Learned a level 3 spell: Dazzling Flash
  4537 | D:5      | Reached skill level 10 in Stealth
  4838 | D:5      | Found a shimmering altar of Xom.
  5079 | D:6      | HP: 1/45 [shadow imp (2)]
  5086 | D:6      | Slain by a gnoll

Illustrated notes

Levels and vault maps discovered:
D:1:      onia_arrival_handbag, layout_loops_ring,
          ebering_ecumenical_altar_mist, serial_forest,
          infiniplex_forest_lined_corner, infiniplex_forest_straight_2,
          infiniplex_forest_clump_double, infiniplex_forest_straight_4,
          infiniplex_forest_lined_3, infiniplex_forest_end_3,
          infiniplex_forest_lined_3, st_stairs_7, hangedman_glass_teeth
D:2:      layout_basic, minmay_tiny_reverse_x
D:3:      layout_basic, mainiacjoe_overflow_big_doors,
          mainiacjoe_overflow_surrounded_room, chequers_serial_rivers_large_a,
          kennysheep_flooded_box, dk_noncrumbling_3, uniq_ijyb
D:4:      layout_layer_cave, minmay_temple_entry_slanted, serial_shops,
          nicolae_shop_tiny_real_fake_doors, corexii_corridor_pit,
          minmay_hollow_rounded_squares, uniq_robin
D:5:      layout_cave_pods, kennysheep_mini_moat
D:6:      layout_layer_cave, grunt_temple_overflow_opulence, ashenzari_altar_1,
          lightli_ossuary_entry_decrepit_ruins, minmay_increasing_density

Skill      XL: |  1  2  3  4  5  6  7  8 |
---------------+-------------------------+-----
Short Blades   | 2 3 4 |  4.6
Stealth        | 5 6 7 9 10 | 10.3
Dodging        | 3 4 |  4.0
Ice Magic      | 1 2 |  2.0
Spellcasting   | 3 |  3.4
Fighting       | 1 2 |  2.8
Hexes          | 4 |  4.0

Action                     |  1- 3 |  4- 6 |  7- 9 || total
---------------------------+-------+-------+-------++-------
  Melee: Dagger            |    57 |   118 |    83 ||   258
         Punch             |       |     1 |     4 ||     5
   Cast: Ensorcelled Hiber |     5 |    11 |     8 ||    24
 Invoke: Serpent's Lash    |       |       |     1 ||     1
Ability: Lunge             |    15 |    13 |    12 ||    40
         Whirlwind         |       |     3 |     3 ||     6
         Wall Jump         |       |     1 |       ||     1
    Use: Scroll            |     4 |     4 |     1 ||     9
         Potion            |       |     2 |     3 ||     5
   Stab: Sleeping          |    34 |    29 |    23 ||    86
         Distracted        |       |     1 |     1 ||     2
 Armour: Robe              |     3 |     8 |     3 ||    14
  Dodge: Dodged            |    21 |    61 |    57 ||   139

Table legend: (Time is in decaauts)
 A = Elapsed time spent in this place.
 B = Non-inter-level travel time spent in this place.
 C = Inter-level travel time spent in this place.
 D = Time resting spent in this place.
 E = Time spent auto-exploring this place.
 F = Levels seen in this place.
 G = Mean time per level.
                   A        B        C        D        E       F      G
               +--------+--------+--------+--------+--------+-----+--------+
         Total |   5079 |   4983 |     96 |      0 |   4129 |   6 |  846.5 |
       Dungeon |   5079 |   4983 |     96 |      0 |   4129 |   6 |  846.5 |
               +--------+--------+--------+--------+--------+-----+--------+

Top non-repeatable levels by time:
     D:4: 1239 daAuts
     D:5: 1125 daAuts
     D:2: 933 daAuts
     D:3: 885 daAuts
     D:1: 807 daAuts
     D:6: 86 daAuts
